 Dungeon Crawl Stone Soup version 0.28-a0-313-gbc0475efdd (webtiles) character file.

Game seed: 17269747054416215714

1853 mistaj the Grappler (level 8, -2/83 HPs)
             Began as a Troll Monk on Aug 31, 2021.
             Was an Initiate of Gozag.
             Succumbed to a gnoll sergeant's poison
             ... on level 7 of the Dungeon on Sept 1, 2021.
             The game lasted 00:11:22 (5489 turns).

mistaj the Grappler (Troll Monk)                    Turns: 5489, Time: 00:11:23

Health: -2/83      AC:  5    Str: 20    XL:     8   Next: 89%
Magic:  1/7        EV: 10    Int:  8    God:    Gozag
Gold:   560        SH:  0    Dex: 18    Spells: 7/7 levels left

rFire   . . .      SeeInvis .     - Unarmed
rCold   . . .      Faith    .   (no shield)
rNeg    . . .      Spirit   +   a - +0 robe
rPois   .          Reflect  .   (helmet restricted)
rElec   .          Harm     .   s - +0 cloak
rCorr   +          Rampage  .   (gloves unavailable)
Will    .....                   (boots unavailable)
Stlth   ++........              z - amulet of guardian spirit
HPRegen 1.23/turn               g - +6 ring of dexterity
MPRegen 0.10/turn               A - ring of resist corrosion

@: lethally poisoned (-2 -> -20)
A: large, unfitting armour, claws 3, regeneration 1, shaggy fur 1, tough skin 1
a: Renounce Religion, Potion Petition, Call Merchant, Bribe Branch


You were on level 7 of the Dungeon.
You worshipped Gozag.
Gozag was pleased with you.
You visited 1 branch of the dungeon, and saw 8 of its levels.

You collected 560 gold pieces.

Inventory:

Hand Weapons
 n - a +0 war axe of flaming
Armour
 a - a +0 robe (worn)
 s - a +0 cloak (worn)
Jewellery
 g - a +6 ring of dexterity (left claw)
 z - an amulet of guardian spirit (around neck)
 A - a ring of resist corrosion (right claw)
Wands
 q - a wand of mindburst (14)
Scrolls
 b - 4 scrolls of identify {unknown}
 c - a scroll of noise {unknown}
 f - a scroll of fear {unknown}
 j - 3 scrolls of teleportation {unknown}
 r - a scroll of holy word {unknown}
 t - a scroll of magic mapping {unknown}
 u - a scroll of summoning {unknown}
 v - a scroll of fog {unknown}
 w - 2 scrolls of vulnerability {unknown}
 x - 2 scrolls of amnesia {unknown}
 y - a scroll of brand weapon {unknown}
Potions
 d - 2 potions of might {unknown}
 e - 3 potions of lignification {unknown}
 h - 2 potions of brilliance {unknown}
 i - 2 potions of mutation {unknown}
 k - 3 potions of attraction {unknown}
 l - a potion of degeneration {unknown}
 m - 2 potions of berserk rage {unknown}
 o - a potion of resistance {unknown}
 p - 2 potions of ambrosia {unknown}


   Skills:
 + Level 6.0 Fighting
 - Level 2.4 Dodging
 - Level 1.0 Stealth
 * Level 9.9 Unarmed Combat


You had 7 spell levels left.
You didn't know any spells.
Your spell library contained the following spells:

 Spells                   Type           Power      Damage    Failure   Level
 Pain                     Necr           0%         1d4       41%         1
 Corpse Rot               Necr/Air       N/A        N/A       54%         2
 Poisonous Vapours        Pois/Air       0%         N/A       54%         2
 Agony                    Necr           0%         N/A       100%        5
 Excruciating Wounds      Necr           0%         N/A       100%        5
 Freezing Cloud           Conj/Ice/Air   0%         6-21      100%        5


Dungeon Overview and Level Annotations

Branches:
Dungeon (8/15)             Temple (0/1) D:7
   Lair: D:8-11

Altars:
Cheibriados
Dithmenos
Gozag
Okawaru
Uskayaw
Vehumet

Shops:
D:6 (

Annotations:
D:6 3 runed translucent doors, muata's ghost, novice HuCj; rabbitsville's ghost, novice DsBe


Innate Abilities, Weirdness & Mutations

You are too large for most types of armour.
You have claws for hands.
Your natural rate of healing is unusually fast.
You are covered in fur. (AC +1)
You have tough skin. (AC +1)


Message History

You claw the gnoll!
You kill the gnoll!
No target in view!
No target in view!
No target in view!
You now have 553 gold pieces (gained 9).
You see here a +0 flail.
You now have 560 gold pieces (gained 7).
You start resting.
Magic restored.
There is a stone staircase leading down, spattered with blood here.
You climb downwards.
The gnoll barely misses you.
The gnoll sergeant hits you from afar with a +3 trident of venom!
You are poisoned.
There is a stone staircase leading up, spattered with blood here.
You feel very sick.
The gnoll hits you from afar with a +0 spear.
You mangle the gnoll sergeant!!
The gnoll sergeant is almost dead.
You feel sick.
The gnoll hits you from afar with a +0 spear!
The gnoll sergeant hits you with a +3 trident of venom!
You are more poisoned.
The gnoll hits you but does no damage.
You feel extremely sick.
The gnoll hits you from afar with a +0 spear!
The gnoll sergeant hits you with a +3 trident of venom!
* * * LOW HITPOINT WARNING * * *
There is a stone staircase leading up, spattered with blood here.
You feel very sick.
The gnoll hits you from afar with a +0 spear.
* * * LOW HITPOINT WARNING * * *
The gnoll sergeant hits you with a +3 trident of venom.
* * * LOW HITPOINT WARNING * * *
You are lethally poisoned!
The gnoll hits you from afar with a +0 spear.
* * * LOW HITPOINT WARNING * * *
You climb upwards.
You die...
Your body crumbles into a pile of gold.

..#......#..........#............
..#......#..........#............
.##....#####'###...###########...
.##....###...###...##.##...###...
.##.........................#....
............................#....
............................#....
.............##.......##....#....
.########....##.@.....##....#....
.##....##....#..)g....#.....#....
.#.....'.....+........#.....#....
.#.....########.......).....##...
.#.....##....##......)##....#####
.########....###########.....#
.##....##..............#.....#
........#..............#.....#
........+..............#.....#


You could see a gnoll sergeant.

Vanquished Creatures
  2 orc warriors
  An ice beast (D:6)
  2 ogres (D:4)
  A phantom (D:4)
  A kobold brigand (D:5)
  5 bullfrogs
  2 scorpions
  A wyvern skeleton (D:5)
  A howler monkey (D:4)
  6 orc priests
  A bullfrog skeleton (D:4)
  2 centaur skeletons
  2 jellies
  An iron imp (D:7)
  4 iguanas
  3 orc wizards
  3 gnolls (D:7)
  6 adders
  A shadow imp (D:7)
  An ufetubus (D:5)
  An adder skeleton (D:4)
  A worm (D:2)
  A dart slug (D:1)
  17 orcs
  6 ball pythons
  4 bats
  5 endoplasms
  5 goblins
  12 hobgoblins
  8 quokkas
  A frilled lizard (D:2)
  8 kobolds
  10 rats
125 creatures vanquished.

Vanquished Creatures (others)
  6 withered plants (D:6)
6 creatures vanquished.

Grand Total: 131 creatures vanquished

Notes
Turn   | Place    | Note
-------+----------+-------------------------------------------
     0 | D:1      | mistaj the Troll Monk began the quest for the Orb.
     0 | D:1      | Reached XP level 1. HP: 22/22 MP: 0/0
   201 | D:1      | Found a faded altar of an unknown god.
   207 | D:1      | Reached XP level 2. HP: 29/29 MP: 1/1
   966 | D:2      | Reached XP level 3. HP: 36/36 MP: 2/2
   983 | D:2      | Reached skill level 4 in Unarmed Combat
  1793 | D:3      | Reached XP level 4. HP: 45/45 MP: 3/3
  1891 | D:3      | Reached skill level 5 in Unarmed Combat
  1891 | D:3      | Reached XP level 5. HP: 41/53 MP: 4/4
  2613 | D:4      | Reached XP level 6. HP: 54/62 MP: 5/5
  2685 | D:4      | Reached skill level 6 in Unarmed Combat
  2798 | D:4      | Reached XP level 7. HP: 44/71 MP: 6/6
  2866 | D:4      | Reached skill level 7 in Unarmed Combat
  3167 | D:5      | Entered Level 5 of the Dungeon
  3219 | D:5      | Identified the +6 chain mail "Nuho" {rElec rC+++ Regen+
                  | Int-5}
  3259 | D:5      | Found an opulent altar of Gozag.
  3283 | D:5      | Became a worshipper of Gozag Ym Sagoz the Greedy
  3833 | D:5      | Found an iron altar of Okawaru.
  3834 | D:5      | Found a hide-covered altar of Uskayaw.
  3835 | D:5      | Found a shadowy altar of Dithmenos.
  3975 | D:6      | Found a runed translucent gate.
  3976 | D:6      | Found a runed translucent gate.
  3977 | D:6      | Found a runed translucent gate.
  3978 | D:6      | Noticed muata's ghost (novice HuCj)
  3979 | D:6      | Noticed rabbitsville's ghost (novice DsBe)
  3983 | D:6      | Noticed a manticore
  4083 | D:6      | Reached skill level 5 in Fighting
  4083 | D:6      | Reached skill level 8 in Unarmed Combat
  4083 | D:6      | Found Kipinump's Antique Weapon Emporium.
  4135 | D:6      | Reached XP level 8. HP: 80/80 MP: 7/7
  4194 | D:6      | Found a radiant altar of Vehumet.
  4748 | D:7      | Reached skill level 9 in Unarmed Combat
  4949 | D:7      | Found a staircase to the Ecumenical Temple.
  5294 | D:7      | Found a snail-covered altar of Cheibriados.
  5489 | D:7      | Succumbed to a gnoll sergeant's poison

Illustrated notes

Levels and vault maps discovered:
D:1:      mushboom_english_gardens, layout_basic,
          chequers_ecumenical_altar_simple_redux
D:2:      layout_basic, minmay_hexomino_u4
D:3:      layout_basic
D:4:      wander_river, layout_loops_ring
D:5:      cheibrodos_thug_alley, layout_loops_ring,
          gammafunk_temple_overflow_forgotten, nicolae_overflow_crystal_walls
D:6:      layout_basic, fiery_altar_vehumet, gammafunk_ghost_cemetery,
          serial_shops, shop, st_stairs_7, hangedman_decor_peaks_small,
          minmay_misc_feat_pillars, minivault_23
D:7:      layout_gridville, slow_altar_2, minmay_temple_entry_mini_moons
D:8:      layout_loops_corners, nicolae_ru_awakened_eye, kennysheep_mini_moat,
          overflow_temple_1_default, minivault_27

Skill      XL: |  1  2  3  4  5  6  7  8 |
---------------+-------------------------+-----
Unarmed Combat | 4 5 6 8 9 |  9.9
Fighting       | 3 4 5 6 |  6.0
Dodging        | |  2.4
Stealth        | |  1.0

Action                   |  1- 3 |  4- 6 |  7- 9 || total
-------------------------+-------+-------+-------++-------
Melee: Unarmed           |    81 |   109 |   147 ||   337
       Punch             |     2 |     3 |     9 ||    14
 Stab: Sleeping          |     7 |     5 |     4 ||    16
       Distracted        |       |     1 |       ||     1
Armor: Robe              |    18 |    32 |    37 ||    87
Dodge: Dodged            |    35 |    49 |    56 ||   140

Table legend: (Time is in decaauts)
 A = Elapsed time spent in this place.
 B = Non-inter-level travel time spent in this place.
 C = Inter-level travel time spent in this place.
 D = Time resting spent in this place.
 E = Time spent auto-exploring this place.
 F = Levels seen in this place.
 G = Mean time per level.
                   A        B        C        D        E       F      G
               +--------+--------+--------+--------+--------+-----+--------+
         Total |   5483 |   5300 |    183 |    301 |   3567 |   8 |  685.4 |
       Dungeon |   5483 |   5300 |    183 |    301 |   3567 |   8 |  685.4 |
               +--------+--------+--------+--------+--------+-----+--------+

Top non-repeatable levels by time:
     D:2: 884 daAuts
     D:1: 871 daAuts
     D:6: 813 daAuts
     D:5: 805 daAuts
     D:3: 725 daAuts
     D:4: 689 daAuts
     D:7: 681 daAuts
     D:8: 11 daAuts
